Map: Acid Plant LE

Players

Nerchio - Winner!

  • Race: Zerg Zerg
  • Spawn Location: 11:00

DisK

  • Race: Protoss Protoss
  • Spawn Location: 5:00

Event: WCS Montreal 2018

VOD

Have the link to the VOD?

Description

Time

  • Played on: Sept. 7, 2018, 1:40 p.m.
  • Length: 14:20

All games in this series

Show
View Real Time Build Order
Export as new Build Order

Nerchio Zerg - Winner!

Build Orders: Hatch First 

Get SALT Encoding   

  12  0:00  Drone  
  13  0:12  Overlord  
  13  0:16  Drone  
  14  0:30  Drone x2  
  16  0:48  Hatchery  
  15  0:51  Drone  
  15  0:55  Drone  
  17  0:59  Drone  
  17  1:01  Extractor  
  17  1:16  Spawning Pool  
  16  1:19  Drone  
  16  1:23  Drone  
  18  1:28  Drone  
  19  1:38  Overlord  
  19  1:49  Drone  
  20  2:03  Queen x2  
  20  2:06  Metabolic Boost  
  24  2:10  Drone  
  24  2:13  Drone  
  26  2:16  Zergling x2  
  26  2:19  Zergling x2  
  26  2:22  Drone  
  29  2:24  Drone  
  30  2:43  Drone x4  
  34  2:56  Hatchery  
  34  2:58  Overlord  
  33  3:01  Queen  
  35  3:11  Overlord  
  35  3:15  Drone, Queen  
  35  3:16  Drone  
  35  3:18  Drone  
  40  3:21  Drone  
  40  3:23  Overlord  
  40  3:26  Drone  
  42  3:29  Drone  
  42  3:30  Drone  
  42  3:32  Drone  
  45  3:35  Overlord  
  45  3:39  Overlord  
  45  3:41  Drone  
  46  3:48  Spore Crawler  
  46  3:49  Drone x3  
  48  3:55  Roach Warren  
  48  3:56  Drone  
  48  4:01  Queen  
  50  4:03  Drone  
  50  4:07  Spore Crawler  
  50  4:08  Drone  
  51  4:11  Extractor  
  51  4:12  Extractor, Drone  
  51  4:13  Drone  
  51  4:15  Drone  
  51  4:17  Drone  
  53  4:19  Drone  
  53  4:21  Drone  
  53  4:23  Overlord  
  55  4:25  Drone  
  55  4:31  Drone x2  
  58  4:34  Drone  
  58  4:35  Drone x2  
  58  4:37  Overlord  
  59  4:40  Overlord  
  59  5:02  Roach  
  59  5:03  Lair  
  59  5:04  Roach x4  
  59  5:05  Spore Crawler, Roach x3  
  74  5:07  Roach  
  74  5:10  Roach  
  74  5:12  Roach  
  79  5:25  Drone x2  
  79  5:26  Drone x3  
  79  5:27  Roach x4  
  92  5:30  Overlord  
  92  5:33  Overlord  
  92  5:35  Overlord  
  92  5:43  Evolution Chamber  
  92  5:44  Overlord  
  92  5:46  Overlord  
  91  5:54  Roach x2  
  91  5:56  Drone x7  
  102  6:00  Drone  
  102  6:01  Extractor, Glial Reconstitution  
  102  6:07  Roach x2  
  102  6:09  Overseer  
  106  6:17  Roach  
  106  6:18  Roach x3  
  113  6:28  Drone x7  
  113  6:29  Drone x2  
  122  6:34  Drone  
  122  6:38  Extractor  
  122  6:50  Overlord x3  
  122  6:53  Hatchery  
  121  6:58  Overlord  
  121  7:06  Drone x2  
  121  7:07  Drone x7  
  130  7:09  Drone  
  130  7:10  Extractor  
  130  7:11  Drone x2  
  130  7:12  Drone  
  130  7:13  Zerg Melee Weapons Level 1  
  130  7:15  Drone x2, Baneling Nest  
  134  7:16  Drone, Hydralisk Den  
  134  7:38  Zergling x18  
  134  7:43  Queen  
  145  7:46  Hydralisk x4, Grooved Spines  
  145  7:50  Hydralisk  
  145  7:51  Hydralisk  
  155  7:56  Hydralisk  
  155  7:57  Hydralisk x2  
  161  8:02  Hydralisk x2  
  161  8:04  Overlord x2  
  161  8:05  Overlord  
  161  8:10  Ravager x6  
  167  8:13  Overlord x2  
  167  8:18  Centrifical Hooks  
  167  8:19  Overlord  
  167  8:20  Overlord  
  167  8:26  Zergling x10  
  172  8:27  Zergling x2  
  172  8:29  Zergling x6  
  175  8:35  Zergling x10  
  175  8:39  Hydralisk x2  
  177  8:52  Hydralisk x5  
  177  8:54  Hydralisk  
  172  8:57  Hydralisk  
  172  8:58  Muscular Augments  
  172  9:00  Hydralisk x2  
  166  9:03  Hydralisk  
  166  9:08  Hydralisk  
  153  9:10  Hydralisk x2  
  153  9:15  Hydralisk  
  153  9:17  Zerg Melee Weapons Level 2  
  145  9:20  Hydralisk x2  
  145  9:23  Hydralisk  
  138  9:24  Zergling x2  
  138  9:29  Hydralisk  
  137  9:34  Baneling x4  
  137  9:36  Hydralisk x2  
  137  9:37  Zergling x2  
  142  9:40  Zergling x2  
  142  9:42  Zergling x4  
  142  9:44  Zergling x4  
  142  9:45  Zergling x4  
  149  9:51  Zergling x6  
  152  9:53  Zergling x4  
  154  10:00  Baneling x10  
  154  10:06  Hydralisk x3  
  156  10:08  Hydralisk  
  156  10:10  Hydralisk  
  156  10:13  Hatchery  
  161  10:17  Zergling x2  
  161  10:18  Zergling x12  
  164  10:26  Drone  
  164  10:27  Drone x6  
  171  10:29  Extractor  
  171  10:32  Baneling x14  
  170  10:35  Zergling x2  
  170  10:36  Zergling x4  
  170  10:40  Zergling x4  
  174  10:46  Zergling x14  
  174  10:48  Zergling x4  
  183  10:52  Zergling x2  
  183  10:53  Zergling x4  
  186  10:57  Infestation Pit, Hydralisk x2  
  189  11:10  Baneling x9  
  187  11:16  Hydralisk x4  
  180  11:20  Zergling x6  
  180  11:21  Zergling x8  
  159  11:29  Hydralisk x5  
  153  11:35  Zergling x10  
  158  11:40  Zergling x2  
  158  11:41  Zergling x10  
  158  11:42  Zergling x2  
  158  11:44  Zergling x2  
  158  11:46  Zergling x4  
  168  11:49  Baneling x7  
  168  11:50  Baneling  
  168  11:52  Drone  
  168  11:53  Drone x2  
  168  11:54  Drone  
  172  11:55  Overseer  
  172  11:56  Drone  
  172  11:58  Drone x2  
  172  11:59  Drone  
  167  12:09  Hydralisk  
  167  12:10  Hydralisk x4  
  167  12:12  Hydralisk  
  165  12:15  Zergling x2  
  165  12:16  Zergling x4  
  165  12:19  Zergling x2  
  165  12:20  Zergling x2  
  165  12:21  Zergling x6  
  170  12:23  Zergling x6  
  170  12:29  Zergling x10  
  178  12:34  Hydralisk  
  178  12:35  Hydralisk x3  
  184  12:38  Zergling x6  
  184  12:39  Zergling x2  
  188  12:45  Zergling x10  
  188  12:46  Baneling x6  
  188  12:49  Zergling x6  
  196  12:55  Overlord  
  196  13:02  Overlord x2  
  196  13:09  Overlord  
  182  13:24  Spire  
  182  13:26  Baneling x20  
  180  13:27  Zergling x24  
  180  13:31  Zergling x6  
  180  13:32  Zergling x2  
  163  13:44  Zergling x22  
  144  13:50  Hydralisk x3  
  144  13:54  Hydralisk  
Show
View Real Time Build Order
Export as new Build Order

DisK Protoss 

Build Orders: 1 Gate Expand, Oracle Opening, Phoenix Opening, Archon Immortal, Zealot Archon, Archon Drop 

Get SALT Encoding   

  12  0:00  Probe  
  13  0:12  Probe  
  14  0:20  Pylon  
  14  0:24  Probe  
  15  0:34  Probe  
  15  0:42  Probe  
  16  0:44  Gateway  
  16  0:47  Assimilator  
  17  0:52  Probe  
  18  1:02  Probe  
  18  1:10  Probe  
  20  1:31  Nexus  
  20  1:35  Cybernetics Core  
  20  1:39  Probe  
  21  1:45  Assimilator  
  21  1:51  Probe  
  22  1:55  Pylon  
  22  2:03  Probe  
  22  2:04  Adept  
  25  2:15  Probe  
  25  2:19  Stargate  
  26  2:25  Warp Gate  
  26  2:28  Probe  
  27  2:33  Adept  
  29  2:40  Probe  
  30  2:47  Pylon  
  30  2:48  Probe  
  26  2:58  Phoenix  
  30  2:59  Probe  
  30  3:00  Probe  
  32  3:08  Pylon  
  32  3:09  Probe  
  32  3:11  Probe  
  35  3:17  Probe  
  36  3:21  Oracle  
  36  3:23  Probe  
  41  3:29  Probe  
  41  3:32  Assimilator  
  42  3:36  Probe, Assimilator  
  43  3:41  Probe  
  43  3:42  Robotics Facility  
  43  3:48  Probe  
  45  3:53  Probe  
  45  3:54  Pylon  
  46  3:57  Probe  
  46  3:58  Twilight Council  
  47  4:03  Probe  
  47  4:05  Probe  
  49  4:11  Probe  
  49  4:14  Gateway, Probe  
  50  4:23  Gateway  
  51  4:27  Gateway  
  51  4:34  Probe x2  
  51  4:36  Warp Prism  
  53  4:41  Templar Archives  
  55  4:46  Probe  
  55  4:50  Probe  
  55  4:51  Pylon  
  57  4:54  Pylon  
  57  5:00  Probe  
  57  5:04  Probe  
  59  5:15  Probe  
  60  5:26  Observer  
  61  5:31  High Templar x4  
  61  5:34  Nexus  
  61  5:35  Archon x2  
  69  5:38  Immortal  
  69  5:40  Pylon  
  69  5:41  Pylon  
  69  5:48  Gateway  
  69  5:49  Gateway  
  73  5:51  Forge  
  73  6:00  Probe x2  
  73  6:02  Shield Battery  
  73  6:03  Shield Battery, Sentry x4  
  83  6:12  Protoss Ground Weapons Level 1, Probe  
  84  6:20  Immortal  
  84  6:32  Probe x2  
  89  6:34  Stalker x2  
  93  6:40  Pylon, Blink  
  93  6:42  Assimilator  
  93  6:44  Probe  
  93  6:46  Probe x2  
  96  6:48  Assimilator  
  96  6:50  Stalker  
  96  6:51  Stalker, Pylon  
  100  7:03  Probe x2  
  100  7:07  Immortal  
  100  7:08  Probe  
  108  7:15  Probe  
  108  7:17  Stalker x3  
  108  7:21  Probe x2  
  116  7:28  Pylon  
  116  7:31  Pylon, Probe  
  116  7:33  Probe  
  118  7:37  Psionic Storm  
  118  7:42  High Templar  
  120  7:48  Probe  
  120  7:49  Probe x2  
  123  8:01  Protoss Ground Weapons Level 2  
  123  8:03  Immortal  
  123  8:05  Probe x3  
  130  8:12  Stalker x5  
  140  8:17  Pylon  
  140  8:18  Pylon  
  140  8:32  Gateway x2  
  140  8:35  Robotics Facility  
  140  8:36  High Templar  
  140  8:37  High Templar  
  140  8:40  Stalker x2  
  145  8:57  Stalker  
  145  8:58  Stalker  
  131  9:14  Stalker x4  
  133  9:17  Warp Prism  
  133  9:22  Stalker x2  
  133  9:23  Immortal  
  133  9:28  Charge  
  137  9:45  High Templar x3, Nexus  
  139  9:46  Pylon x2, Zealot x5  
  139  9:47  Immortal  
  149  9:59  Observer  
  154  10:10  Stalker x2  
  154  10:22  Stalker x4  
  154  10:27  Protoss Ground Weapons Level 3  
  159  10:31  Assimilator  
  159  10:36  Assimilator  
  159  10:39  Pylon  
  159  10:42  Photon Cannon  
  157  10:44  Photon Cannon  
  157  10:46  Photon Cannon  
  157  10:51  Stalker x2, Gateway  
  157  10:53  Zealot  
  157  10:54  Pylon, Gateway  
  161  10:57  Pylon  
  161  11:06  Stalker x5  
  141  11:27  Stalker x3  
  125  11:35  Stalker x3  
  125  11:36  Stalker x2  
  125  11:37  Immortal  
  137  11:52  Zealot x2  
  137  11:53  Zealot x3  
  147  12:03  Zealot x2  
  147  12:04  Zealot x3  
  123  12:16  Zealot x3  
  123  12:17  High Templar  
  123  12:18  High Templar  
  121  12:26  High Templar x3  
  121  12:27  Zealot x2  
  131  12:30  Probe x3  
  134  12:42  High Templar x2  
  132  12:49  Nexus  
  132  12:51  Pylon  
  130  12:58  Zealot x5  
  140  13:00  High Templar  
  140  13:01  High Templar  
  131  13:24  High Templar x2, Zealot x6  
  145  13:32  Probe x3  
  130  13:46  Archon x2  
  84  13:55  High Templar x2  
  84  13:56  High Templar, Zealot x3  
  84  13:57  Zealot x4  
Tags
 
Add a new tag
Caveats
  • Supply blocks, unpowered buildings, or Contaminate may cause inaccurate times.
  • Supply counts are checked every 10 seconds.